 Dungeon Crawl Stone Soup version 0.26-a0-28-gc929df5585 (webtiles) character file.

Game seed: 10539642772819217354, levelgen mode: deterministic

4540 Masnef the Fighter (level 10, -1/110 HPs)
             Began as an Ogre Wizard on May 27, 2020.
             Was a Follower of Vehumet.
             Slain by a centaur warrior (19 damage)
             ... on level 8 of the Dungeon on May 28, 2020.
             The game lasted 00:36:04 (13864 turns).

Masnef the Fighter (Ogre Wizard)                   Turns: 13864, Time: 00:36:06

Health: -1/110     AC: 11    Str: 13    XL:     10   Next: 40%
Magic:  10/17      EV: 10    Int: 24    God:    Vehumet [*.....]
Gold:   410        SH:  0    Dex:  7    Spells: 9/19 levels left

rFire    . . .     SeeInvis .   Q - +9 staff of Olgreb {rPois∞}
rCold    . . .     Gourm    .   (no shield)
rNeg     + . .     Faith    .   n - +2 robe
rPois    ∞         Spirit   .   b - +0 hat
rElec    .         Reflect  .   L - +1 cloak {rPois}
rCorr    .         Harm     .   (gloves unavailable)
MR       +....     Clarity  +   (boots unavailable)
Stlth    +.........             (no amulet)
HPRegen  0.28/turn              C - ring of positive energy
MPRegen  0.15/turn              v - +4 ring of protection

@: drained
A: large, unfitting armour, clarity, clever 1, tough skin 1
a: Renounce Religion


You were on level 8 of the Dungeon.
You worshipped Vehumet.
Vehumet was aware of your devotion.
You were hungry.

You visited 2 branches of the dungeon, and saw 9 of its levels.
You also visited: Ossuary.

You collected 410 gold pieces.

Inventory:

Hand Weapons
 c - a +2 dagger of speed
 f - a +0 dagger
 g - a +0 mace
 u - a +0 short sword
 x - a +3 war axe of flaming
 y - a +0 flail
 A - a +0 spear of venom
 B - a +0 flail
 Q - the +9 staff of Olgreb (weapon) {rPois∞}
   (You found it on level 7 of the Dungeon)

   It grants immunity to poison.
 T - the +1 long sword of a ziggurat {speed, +Inv MR+ MP+9 Str+4, unknown}
   (You found it on level 8 of the Dungeon)

   Attacks with this weapon are significantly faster.
   It affects your strength (+4).
   It affects your resistance to hostile enchantments.
   It affects your magic capacity (+9).
   It lets you turn invisible.
Missiles
 l - 174 arrows
Armour
 a - a +0 robe
 b - a +0 hat (worn)
 n - a +2 robe (worn)
 z - a cursed +0 kite shield
 L - a +1 cloak of poison resistance (worn)
Jewellery
 j - an uncursed ring of wizardry
 v - a +4 ring of protection (right hand)
 C - a ring of positive energy (left hand)
 P - an uncursed ring of wizardry
Wands
 D - a wand of enslavement (8)
Scrolls
 e - 4 scrolls of amnesia
 h - 4 scrolls of immolation
 i - a scroll of identify
 k - 4 scrolls of enchant armour {unknown}
 p - 6 scrolls of teleportation {unknown}
 E - a scroll of remove curse {unknown}
 H - a scroll of fear
 K - a scroll of enchant weapon
 M - a scroll of magic mapping
 N - a scroll of summoning {unknown}
Potions
 d - a potion of invisibility
 m - a potion of mutation
 o - 3 potions of stabbing
 q - a potion of lignification
 r - 5 potions of curing
 s - 2 potions of haste
 t - a potion of brilliance
 w - 2 potions of might
 G - 2 potions of degeneration
 I - a potion of cancellation
 J - a potion of magic
 O - a potion of flight
 R - a potion of heal wounds
Comestibles
 F - 9 rations


   Skills:
 * Level 10.1(9.2) Fighting
 - Level 1.2(0.5) Short Blades
 - Level 2.1(4.6) Axes
 - Level 4.9(4.5) Maces & Flails
 - Level 5.4(4.9) Polearms
 + Level 1.2(4.3) Staves
 + Level 2.8(2.1) Dodging
 - Level 2.2(1.5) Stealth
 - Level 5.1(4.3) Spellcasting
 + Level 5.3(4.5) Conjurations
 - Level 2.0(1.3) Summonings
 + Level 1.0(0.4) Translocations
 - Level 2.0(1.3) Air Magic
 * Level 2.6(1.9) Poison Magic
 * Level 1.8(1.1) Evocations


You had 9 spell levels left.
You knew the following spells:

 Your Spells              Type           Power        Failure   Level  Hunger
b - Blink                 Tloc           N/A          12%         2    None
c - Call Imp              Summ           ##......     9%          2    None
d - Mephitic Cloud        Conj/Pois/Air  ####....     10%         3    ##.....
e - Conjure Flame         Conj/Fire      ###.....     11%         3    ##.....

Your spell library contained the following spells:

 Spells                   Type           Power        Failure   Level  Hunger
 Sandblast                Erth           #.....       10%         1    None
 Magic Dart               Conj           ####         1%          1    None
 Slow                     Hex            #.......     14%         2    None


Dungeon Overview and Level Annotations

Branches:
Dungeon (8/15)             Temple (1/1) D:4         Ossuary (visited)
   Lair: D:8-11

Altars:
Ashenzari
Cheibriados
Dithmenos
Elyvilon
Fedhas
Gozag
Hepliaklqana
Kikubaaqudgha
Makhleb
Nemelex Xobeh
Okawaru
Ru
Sif Muna
Trog
Uskayaw
Vehumet
Wu Jian
Xom
Yredelemnul
Zin


Innate Abilities, Weirdness & Mutations

You are too large for most types of armour.
You have tough skin. (AC +1)
You possess an exceptional clarity of mind.
Your mind is acute. (Int +2)


Message History

The stinking cloud engulfs you but does no damage.
You are feeling hungry.
The centaur warrior is engulfed in noxious fumes.
The centaur warrior hits you.
The centaur warrior is engulfed in noxious fumes.
The centaur warrior hits you!!
Unknown command.
You barely miss the centaur warrior.
The centaur warrior is moderately wounded.
The centaur warrior is engulfed in noxious fumes.
The centaur warrior hits you!
* * * LOW HITPOINT WARNING * * *
Unknown command.
You feel better.
The centaur warrior is engulfed in noxious fumes.
The centaur warrior hits you!!
* * * LOW HITPOINT WARNING * * *
The centaur warrior is engulfed in noxious fumes.
The centaur warrior appears confused.
The centaur warrior hits you!!
You die...

##o# #..# ##.#
####..# ####.....#
........)## ###
..........## ##(#
...........#####(##
#..........W)○c@##
#...........###○#
##.........## #.#
#.........# #.#
..........## #.#
..........# ##.#
###....##..###.##
##.## ##..#...# #.
##.####


You could see a centaur warrior (strong, confused, very poisoned) and a phantom.

Vanquished Creatures
  Erica (D:8)
  Prince Ribbit (D:7)
  A hippogriff (D:8)
  Menkaure (D:6)
  3 soldier ants (D:7)
  An ice beast (D:6)
  4 ogres
  3 necrophages
  A phantom (D:7)
  3 centaurs
  A big kobold (D:7)
  A scorpion (D:5)
  9 killer bees (D:7)
  A howler monkey (D:3)
  8 wights
  7 hounds
  2 orc priests
  5 orc wizards
  Jessica (D:3)
  8 worker ants
  2 iguanas
  6 mummies (Ossuary)
  A hound skeleton (D:4)
  A hound zombie (D:7)
  A worker ant zombie (D:7)
  3 gnolls (D:4)
  9 adders
  3 adder zombies
  An adder skeleton (D:4)
  2 worms
  3 dart slugs
  4 leopard geckos
  22 orcs
  7 bats
  6 giant cockroaches
  10 hobgoblins
  A jackal (D:6)
  3 quokkas
  7 frilled lizards
  A gnoll skeleton (Ossuary)
  2 gnoll zombies (D:6)
  9 goblins
  5 goblin skeletons (Ossuary)
  A jackal skeleton (D:5)
  8 kobolds
  A kobold zombie (D:6)
  A leopard gecko skeleton (D:7)
  2 orc skeletons (Ossuary)
  An orc zombie (D:6)
  2 quokka zombies (D:7)
  7 rats
  11 rat skeletons (Ossuary)
205 creatures vanquished.

Vanquished Creatures (collateral kills)
  2 water moccasins (D:7)
  An ogre (D:4)
  A howler monkey (D:5)
  An orc priest (D:6)
  2 hounds
  An iguana (D:6)
  3 orc wizards (D:6)
  Crazy Yiuf (D:6)
  A worker ant (D:7)
  8 mummies
  A gnoll (D:4)
  4 adders
  A shadow imp (D:5)
  A worm (D:2)
  8 orcs
  A bat (D:1)
  A hobgoblin (D:3)
  A jackal (D:6)
  A quokka (D:3)
  A jackal skeleton (D:4)
  A rat (D:3)
42 creatures vanquished.

Vanquished Creatures (others)
  A water moccasin (D:7)
  A wight (D:8)
  A worker ant (D:7)
3 creatures vanquished.

Grand Total: 250 creatures vanquished

Notes
Turn   | Place    | Note
-------+----------+-------------------------------------------
     0 | D:1      | Masnef the Ogre Wizard began the quest for the Orb.
     0 | D:1      | Reached XP level 1. HP: 16/16 MP: 5/5
    23 | D:1      | Reached skill level 1 in Conjurations
   286 | D:1      | Reached XP level 2. HP: 23/24 MP: 6/6
   292 | D:1      | Learned a level 2 spell: Blink
   295 | D:1      | Learned a level 2 spell: Call Imp
   501 | D:1      | Reached skill level 1 in Summonings
  1278 | D:2      | Reached XP level 3. HP: 31/31 MP: 8/8
  2353 | D:2      | Upgraded the game from 0.26-a0-26-ge22fd8933b to
                  | 0.26-a0-28-gc929df5585
  2594 | D:2      | Learned a level 3 spell: Mephitic Cloud
  2693 | D:2      | Reached XP level 4. HP: 39/39 MP: 7/9
  3143 | D:3      | Reached skill level 1 in Air Magic
  3198 | D:3      | Noticed Jessica
  3206 | D:3      | Killed Jessica
  3206 | D:3      | Reached skill level 1 in Translocations
  3289 | D:3      | Reached XP level 5. HP: 44/45 MP: 6/10
  3636 | D:3      | Found a sacrificial altar of Ru.
  3636 | D:3      | You fall into a shaft and drop 3 floors!
  3769 | D:6      | Noticed Menkaure
  3773 | D:6      | Noticed an ogre
  3777 | D:6      | Killed Menkaure
  3777 | D:6      | Reached skill level 1 in Fighting
  3777 | D:6      | Reached skill level 1 in Maces & Flails
  3777 | D:6      | Reached XP level 6. HP: 57/57 MP: 1/11
  3784 | D:6      | Reached skill level 2 in Fighting
  3911 | D:6      | Found a sand-covered staircase.
  3930 | Ossuary  | Entered an ossuary
  4047 | Ossuary  | Learned a level 3 spell: Conjure Flame
  5325 | Ossuary  | Reached skill level 3 in Fighting
  5339 | Ossuary  | Reached XP level 7. HP: 56/67 MP: 8/12
  5606 | D:5      | Entered Level 5 of the Dungeon
  5668 | D:5      | Gained mutation: You possess an exceptional clarity of
                  | mind. [potion of mutation]
  5668 | D:5      | Gained mutation: Your mind is acute. (Int +2) [potion of
                  | mutation]
  6618 | D:3      | Found a shimmering altar of Xom.
  7348 | D:3      | Reached skill level 4 in Fighting
  7626 | D:4      | Found an ornate altar of the Wu Jian Council.
  7649 | D:4      | Found a staircase to the Ecumenical Temple.
  7658 | Temple   | Entered the Ecumenical Temple
  7984 | D:4      | Reached XP level 8. HP: 44/79 MP: 3/13
  9196 | D:5      | Reached skill level 5 in Fighting
  9587 | D:5      | Reached skill level 5 in Spellcasting
  9848 | D:5      | Reached skill level 1 in Polearms
  9967 | D:6      | Reached skill level 6 in Fighting
 10205 | D:6      | Found a runed translucent door.
 10206 | D:6      | Noticed Crazy Yiuf
 10588 | D:6      | Found a basalt altar of Yredelemnul.
 10758 | D:6      | Killed Crazy Yiuf
 10909 | D:7      | Found a shattered altar of Ashenzari.
 11036 | D:7      | Reached XP level 9. HP: 61/92 MP: 16/16
 11039 | D:7      | Reached skill level 7 in Fighting
 11410 | D:7      | Found the +9 staff of Olgreb {rPois∞}
 11421 | D:7      | Found a runed translucent door.
 11426 | D:7      | Found a runed translucent gate.
 11426 | D:7      | Found a runed translucent gate.
 11427 | D:7      | Found a runed translucent door.
 11437 | D:7      | Found a runed translucent gate.
 11440 | D:7      | Noticed Prince Ribbit
 11453 | D:7      | Killed Prince Ribbit
 11476 | D:7      | Reached skill level 8 in Fighting
 11627 | D:7      | Found an ancient bone altar of Kikubaaqudgha.
 11797 | D:7      | Reached skill level 5 in Polearms
 11805 | D:7      | Found a radiant altar of Vehumet.
 11813 | D:7      | Became a worshipper of Vehumet
 12334 | D:7      | Reached skill level 1 in Poison Magic
 12339 | D:7      | Reached skill level 5 in Conjurations
 12345 | D:7      | Reached skill level 9 in Fighting
 12362 | D:7      | Reached skill level 1 in Axes
 12597 | D:7      | Reached skill level 1 in Short Blades
 12619 | D:7      | Reached XP level 10. HP: 101/107 MP: 6/17
 12892 | D:8      | Noticed Erica
 13124 | D:8      | Killed Erica
 13124 | D:8      | Reached skill level 10 in Fighting
 13124 | D:8      | Reached skill level 1 in Staves
 13124 | D:8      | Reached skill level 1 in Evocations
 13511 | D:8      | Got a polished long sword
 13558 | D:8      | Reached * piety under Vehumet
 13558 | D:8      | Offered knowledge of Sandblast by Vehumet.
 13854 | D:8      | Noticed a centaur warrior
 13864 | D:8      | Slain by a centaur warrior

Illustrated notes

Levels and vault maps discovered:
D:1:      lightli_arrival_statue_moat, layout_basic
D:2:      layout_loops_ring, first_ration
D:3:      layout_basic, xom_teletrap_fun, nicolae_ru_great_annihilating_truth,
          uniq_jessica
D:4:      layout_rooms, kennysheep_mini, minmay_temple_entry_ruins
D:5:      layout_layer_cave
D:6:      layout_rooms, lemuel_zombie_altar_yredelemnul,
          nicolae_ossuary_entry_giza, uniq_menkaure, uniq_crazy_yiuf_cottage
D:7:      layout_rooms, kiku_gazebo_pond_becter, overflow_temple_1_default,
          serial_undead, serial_undead_d, serial_undead_a, serial_undead_a,
          serial_undead_b, basic_altar, grunt_ogre_cave, minivault_11,
          minmay_misc_feat_nine_boxes, minmay_guarded_unrand_staff_of_olgreb,
          uniq_prince_ribbit1
D:8:      layout_layer_cave, kennysheep_nondescript, uniq_erica
Temple:   nicolae_temple_figure_eight

Skill      XL: |  1  2  3  4  5  6  7  8  9 10 |
---------------+-------------------------------+-----
Conjurations   | 1 2 3 4 5 |  5.3
Summonings     | 1 2 |  2.0
Air Magic      | 1 2 |  2.0
Translocations | 1 |  1.0
Fighting       | 1 3 4 6 9 10 | 10.1
Maces & Flails | 1 2 4 |  4.9
Spellcasting   | 5 |  5.1
Polearms       | 3 5 |  5.4
Poison Magic   | 1 2 |  2.6
Axes           | 2 |  2.1
Short Blades   | 1 |  1.2
Stealth        | 2 |  2.2
Dodging        | 2 |  2.8
Staves         | 1 |  1.2
Evocations     | 1 |  1.8

Action                   |  1- 3 |  4- 6 |  7- 9 | 10-12 || total
-------------------------+-------+-------+-------+-------++-------
Melee: Mace              |    69 |   165 |   169 |       ||   403
       Unarmed           |     5 |       |       |       ||     5
       Dagger            |    63 |       |    11 |       ||    74
       Spear             |       |       |   175 |       ||   175
       War axe           |       |       |   142 |    32 ||   174
       Staff             |       |       |       |    50 ||    50
 Cast: Magic Dart        |    33 |    55 |     7 |       ||    95
       Call Imp          |     8 |    30 |    54 |     2 ||    94
       Blink             |     1 |       |       |     1 ||     2
       Mephitic Cloud    |       |     1 |    18 |     1 ||    20
       Conjure Flame     |       |     3 |       |     1 ||     4
Evoke: Staff of Olgreb   |       |       |       |    33 ||    33
       Wand              |       |       |       |     1 ||     1
  Use: Scroll            |       |       |    14 |     1 ||    15
       Potion            |       |       |     3 |     1 ||     4
 Stab: Sleeping          |     2 |     1 |     3 |     2 ||     8
       Confused          |       |       |     6 |       ||     6
  Eat: Chunk             |     3 |     4 |    20 |     4 ||    31
       Ration            |     1 |     1 |     2 |       ||     4
Armor: Robe              |    41 |    45 |   198 |    45 ||   329
Dodge: Dodged            |    88 |    91 |   274 |    49 ||   502

Table legend:
 A = Non-vault XP
 B = Vault XP
 C = Vault XP percentage of total XP
 D = Non-vault monster count
 E = Vault monster count
 F = Vault count percentage of total count
                 A         B        C        D         E       F
            +---------+---------+-------+---------+---------+-------
      Total |    3096 |    3391 |  52.3 |     172 |      78 |  31.2
            +---------+---------+-------+---------+---------+-------
        D:1 |      30 |       0 |   0.0 |      21 |       0 |   0.0
        D:2 |      77 |       0 |   0.0 |      27 |       0 |   0.0
        D:3 |     251 |      75 |  23.0 |      32 |       5 |  13.5
        D:4 |     209 |       0 |   0.0 |      15 |       0 |   0.0
        D:5 |     571 |       0 |   0.0 |      22 |       0 |   0.0
        D:6 |     538 |     277 |  34.0 |      19 |       9 |  32.1
        D:7 |     687 |    1971 |  74.2 |      20 |      31 |  60.8
        D:8 |     701 |     874 |  55.5 |      15 |       1 |   6.2
     Temple |      32 |       0 |   0.0 |       1 |       0 |   0.0
    Ossuary |       0 |     194 | 100.0 |       0 |      32 | 100.0
            +---------+---------+-------+---------+---------+-------
